 Dungeon Crawl Stone Soup version 0.24-a0-463-g3510def (webtiles) character file.

Game seed: 10904221108666455320

920 robertstho the Ruffian (level 7, -3/67 HPs)
             Began as a Troll Monk on July 2, 2019.
             Slain by an orc warrior
             ... wielding a +0 battleaxe
              (30 damage)
             ... on level 5 of the Dungeon.
             The game lasted 00:08:39 (3699 turns).

robertstho the Ruffian (Troll Monk)                 Turns: 3699, Time: 00:08:40

Health: -3/67      AC:  7    Str: 21 (22) XL:     7   Next: 83%
Magic:  6/6        EV: 18    Int:  5 (6)  God:
Gold:   328        SH:  0    Dex: 18 (19) Spells: 6/6 levels left

rFire    . . .     SeeInvis .     - Unarmed
rCold    . . .     Gourm    +   (no shield)
rNeg     . . .     Faith    .   a - +0 robe
rPois    .         Spirit   .   (helmet restricted)
rElec    .         Reflect  .   u - +0 cloak
rCorr    .         Harm     .   (gloves unavailable)
MR       .....                  (boots unavailable)
Stlth    +++.......             (no amulet)
HPRegen  0.61/turn              (no ring)
MPRegen  0.10/turn              (no ring)

@: agile
A: large, unfitting armour, antennae 1, claws 3, agile 1, fast metabolism 3,
gourmand, regeneration 1, shaggy fur 1, tough skin 3, evolution 1
a: no special abilities


You were on level 5 of the Dungeon.
You were very full.

You visited 1 branch of the dungeon, and saw 6 of its levels.

You collected 328 gold pieces.

Inventory:

Hand Weapons
 t - a +2 quarterstaff of chaos
Missiles
 o - 5 large rocks (quivered)
Armour
 a - a +0 robe (worn)
 u - a +0 cloak (worn)
Jewellery
 k - a cursed amulet of inaccuracy {unknown}
 y - an uncursed ring of stealth {unknown}
Wands
 r - a wand of flame (34)
 w - a wand of random effects (21)
Scrolls
 c - 4 scrolls of teleportation {unknown}
 f - 3 scrolls of fear {unknown}
 g - a scroll of enchant armour {unknown}
 h - 4 scrolls of identify
 j - a scroll of amnesia {unknown}
 l - a scroll of immolation {unknown}
 m - 2 scrolls of remove curse
 x - a scroll of blinking {unknown}
Potions
 d - a potion of might
 e - a potion of berserk rage {unknown}
 i - a potion of brilliance {unknown}
 s - a potion of cancellation
Comestibles
 b - 18 rations


   Skills:
 + Level 3.2 Fighting
 * Level 4.9 Dodging
 + Level 1.9 Stealth
 + Level 6.9 Unarmed Combat


You had 6 spell levels left.
You didn't know any spells.
Your spell library contained the following spells:

 Spells                   Type           Power        Failure   Level  Hunger
 Freeze                   Ice            #...         47%         1    ##.....
 Magic Dart               Conj           #...         47%         1    ##.....
 Blink                    Tloc           N/A          63%         2    ###....
 Call Imp                 Summ           #.......     63%         2    ###....
 Slow                     Hex            #.......     63%         2    ###....
 Throw Frost              Conj/Ice       #.....       63%         2    ###....
 Conjure Flame            Conj/Fire      #.......     85%         3    ####...
 Ignite Poison            Fire/Tmut/Pois #.......     85%         3    ####...
 Mephitic Cloud           Conj/Pois/Air  #.......     85%         3    ####...
 Ozocubu's Armour         Chrm/Ice       #.......     85%         3    ####...
 Summon Ice Beast         Ice/Summ       #.......     99%         4    #####..
 Throw Icicle             Conj/Ice       #.......     99%         4    #####..
 Fireball                 Conj/Fire      #.........   100%        5    ######.
 Bolt of Fire             Conj/Fire      #.........   100%        6    #######
 Ring of Flames           Chrm/Fire      #.........   100%        7    #######
 Ignition                 Fire           #.........   100%        8    #######


Dungeon Overview and Level Annotations

Branches:
Dungeon (6/15)             Temple (0/1) D:5

Altars:
Fedhas
Uskayaw


Innate Abilities, Weirdness & Mutations

You are too large for most types of armour.
You have claws for hands.
Your metabolism is lightning-fast.
You like to eat raw meat.
Your natural rate of healing is unusually fast.
You are covered in fur. (AC +1)
You have extremely tough skin. (AC +3)
You have a pair of small antennae on your head.
You are agile. (Dex +2)
You evolve.


Message History

The orc warrior barely misses you.
You climb upwards.
There is a stone staircase leading down here.
It was a potion of degeneration.
There was something very wrong with that liquid.
You feel weakened.
You feel dopey.
You feel clumsy. The orc warrior barely misses you.
It was a potion of mutation.
You feel extremely strange.
You feel nature experimenting on you.
Don't worry, failures die fast.
A pair of antennae grows on your head!
You feel agile. The orc warrior closely misses you.
It was a potion of heal wounds.
You feel much better.
As you read the scroll labeled VAYPRA OBORPHE, it crumbles to dust.
You feel blessed for a moment.
It was a scroll of remove curse.
The orc warrior closely misses you.
As you read the scroll labeled REAGRUGIQU, it crumbles to dust.
It is a scroll of identify.
d - a potion of might The orc warrior hits you with a +0 battleaxe!!
You die...

#.........##.####
#.......##... .....>.......#
##########.#.###.#
#.........#..# #..........#.#
#.#
#..⌠...⌠..##.###.########.#.#
#.# ..................#
####.#.###.#
#.........##.###..#
#.)>.......# ##.##.##.###.#
#..# #.##.#.##### ...#..##.#
#.###..####.##.#.# ).##.###.#
#....@o..>..##...#
.......#.#######..#######.#.#
..........# #..........#.#
######.#..#######.#########.#
#.#..........#### #.#####
######.##............#
#......
.......#############.#
#.####. ######.# #......# #.#
#.
######.########.###..######.#
♣.


You could see an orc warrior.

Vanquished Creatures
  Grinder (D:5)
  An orc warrior (D:4)
  A phantom (D:4)
  Blork the orc (D:5)
  2 hounds
  An orc priest (D:5)
  Crazy Yiuf (D:4)
  4 orc wizards
  Ijyb (D:5)
  3 worker ants
  A hound skeleton (D:5)
  Robin (D:4)
  3 adders
  A shadow imp (D:2)
  An ooze (D:1)
  An adder skeleton (D:4)
  3 worms
  13 orcs
  7 bats
  3 giant cockroaches
  15 goblins
  14 hobgoblins
  4 jackals (D:4)
  A quokka (D:3)
  2 ball pythons
  7 frilled lizards
  8 kobolds
  6 rats
107 creatures vanquished.

Notes
Turn   | Place    | Note
-------+----------+-------------------------------------------
     0 | D:1      | robertstho the Troll Monk began the quest for the Orb.
     0 | D:1      | Reached XP level 1. HP: 22/22 MP: 0/0
    24 | D:1      | Reached XP level 2. HP: 24/29 MP: 1/1
   629 | D:2      | Reached XP level 3. HP: 35/36 MP: 2/2
  1262 | D:3      | Reached XP level 4. HP: 41/44 MP: 3/3
  2155 | D:4      | Reached skill level 4 in Unarmed Combat
  2197 | D:4      | Reached XP level 5. HP: 49/52 MP: 4/4
  2331 | D:4      | Noticed Robin
  2363 | D:4      | Killed Robin
  2392 | D:4      | Found a runed translucent door.
  2393 | D:4      | Noticed Crazy Yiuf
  2416 | D:4      | Noticed a phantom
  2431 | D:4      | Killed a phantom
  2431 | D:4      | Reached XP level 6. HP: 46/59 MP: 5/5
  2695 | D:4      | Noticed an orc warrior
  2698 | D:4      | Reached skill level 5 in Unarmed Combat
  2704 | D:4      | Killed an orc warrior
  2949 | D:4      | Found a hide-covered altar of Uskayaw.
  3005 | D:4      | Killed Crazy Yiuf
  3029 | D:5      | Entered Level 5 of the Dungeon
  3037 | D:5      | Reached XP level 7. HP: 57/67 MP: 3/6
  3057 | D:5      | Found a staircase to the Ecumenical Temple.
  3087 | D:5      | Noticed Grinder
  3102 | D:5      | Killed Grinder
  3102 | D:5      | Reached skill level 6 in Unarmed Combat
  3154 | D:5      | Noticed Blork the orc
  3165 | D:5      | Killed Blork the orc
  3240 | D:5      | Found a blossoming altar of Fedhas.
  3321 | D:5      | Noticed Ijyb
  3331 | D:5      | Killed Ijyb
  3686 | D:6      | HP: 1/67 [orc wizard/magic dart (9)]
  3694 | D:5      | Gained mutation: You evolve. [potion of mutation]
  3694 | D:5      | Gained mutation: You have a pair of small antennae on your
                  | head. [potion of mutation]
  3694 | D:5      | Gained mutation: You are agile. (Dex +2) [potion of
                  | mutation]
  3699 | D:5      | Slain by an orc warrior

Levels and vault maps discovered:
D:1:      mushboom_english_gardens, layout_rooms, minmay_misc_feat_more_columns,
          serial_park_tiny_pond, kennysheep_minor_cross
D:2:      kennysheep_six_static_rooms, layout_loops_ring,
          kennysheep_generic_room_11
D:3:      layout_basic, first_ration, st_stairs_1, palyth_stone_intersect,
          serial_park_tiny_2, amethyst_killhole
D:4:      layout_basic, lemuel_coloured_pillars_altar, uniq_robin,
          uniq_crazy_yiuf_cottage
D:5:      layout_loops_ring, minmay_temple_entry_large_hall, fedhas_altar_4,
          uniq_ijyb, uniq_grinder, uniq_blork_the_orc
D:6:      layout_layer_cave

Skill      XL: |  1  2  3  4  5  6  7 |
---------------+----------------------+-----
Dodging        | 3 4 |  4.9
Unarmed Combat | 4 5 6 |  6.9
Fighting       | 3 |  3.2
Stealth        | |  1.9

Action                   |  1- 3 |  4- 6 |  7- 9 || total
-------------------------+-------+-------+-------++-------
Melee: Unarmed           |   114 |   165 |    63 ||   342
       Punch             |       |     3 |     3 ||     6
  Use: Potion            |       |       |     5 ||     5
       Scroll            |       |       |     2 ||     2
 Stab: Sleeping          |     5 |     2 |       ||     7
  Eat: Chunk             |    16 |    17 |     5 ||    38
Armor: Robe              |    56 |    51 |    16 ||   123
Dodge: Dodged            |    72 |    69 |    37 ||   178

Table legend:
 A = Non-vault XP
 B = Vault XP
 C = Vault XP percentage of total XP
 D = Non-vault monster count
 E = Vault monster count
 F = Vault count percentage of total count
                 A         B        C        D         E       F
            +---------+---------+-------+---------+---------+-------
      Total |     816 |     499 |  37.9 |      79 |      28 |  26.2
            +---------+---------+-------+---------+---------+-------
        D:1 |      38 |       0 |   0.0 |      22 |       0 |   0.0
        D:2 |      36 |      17 |  32.1 |       9 |       8 |  47.1
        D:3 |      42 |       8 |  16.0 |      16 |       3 |  15.8
        D:4 |     478 |      77 |  13.9 |      20 |      14 |  41.2
        D:5 |     187 |     397 |  68.0 |      11 |       3 |  21.4
        D:6 |      35 |       0 |   0.0 |       1 |       0 |   0.0
            +---------+---------+-------+---------+---------+-------
